 Dungeon Crawl Stone Soup version 0.30-a0-652-gcc886f7154 (webtiles) character file.

Game seed: 10482264406192186167

36523 mampy3000 the Cleaver (level 13, -9/119 HPs)
             Began as a Minotaur Berserker on Jan 17, 2023.
             Was a Priest of Trog.
             Mangled by a brown ugly thing (10 damage)
             ... on level 15 of the Dungeon.
             The game lasted 00:56:46 (13105 turns).

mampy3000 the Cleaver (Minotaur Berserker)         Turns: 13105, Time: 00:56:47

Health: -9/119     AC: 17    Str: 31    XL:     13   Next: 53%
Magic:  12/12      EV: 12    Int:  4    God:    Trog [***...]
Gold:   878        SH: 11    Dex: 21    Spells: 12/12 levels left

rFire   + . .      SeeInvis .    B - +0 demon whip (venom)
rCold   . . .      Faith    .    H - +0 kite shield
rNeg    . . .      Spirit   .    F - +6 plate armour {rPois}
rPois   +          Reflect  .    q - +0 hat {Will+}
rElec   .          Harm     .    L - +0 cloak
rCorr   .          Rampage  .    y - +0 pair of gloves
Will    +....                    d - +0 pair of boots Stlth
                                 m - amulet of the acrobat
HPRegen 0.39/turn                x - ring "Fonwuud" {rF+ Str+9}
MPRegen 0.13/turn                G - +6 ring of dexterity

@: corroded, on berserk cooldown, slowed, very slow
A: horns 2, retaliatory headbutt
a: Renounce Religion, Berserk, Trog's Hand


You were on level 15 of the Dungeon.
You worshipped Trog.
Trog was most pleased with you.
You visited 1 branch of the dungeon, and saw 15 of its levels.
You also visited: Ossuary.

You collected 906 gold pieces.
You spent 28 gold pieces at shops.

Inventory:

Hand Weapons
 B - a +0 demon whip of venom (weapon)
 N - a +1 dire flail
Missiles
 j - 5 throwing nets
 n - 15 boomerangs
Armour
 d - a +0 pair of boots (worn)
 e - the +2 ring mail of the King of the Hill {-Cast rF+ Regen+}
   (You found it on level 2 of the Dungeon)

   rF:        It protects you from fire.
   -Cast:     It prevents spellcasting.
   Regen:     It increases your rate of health regeneration.
 q - a +0 hat of willpower (worn)
 y - a +0 pair of gloves (worn)
 F - a +6 plate armour of poison resistance (worn)
 H - a +0 kite shield (worn)
 L - a +0 cloak (worn)
Jewellery
 b - a ring of willpower
 l - a +4 ring of protection
 m - an amulet of the acrobat (around neck)
 x - the ring "Fonwuud" (left hand) {rF+ Str+9}
   (You acquired it on level 12 of the Dungeon)

   [ring of protection from fire]

   Str:       It affects your strength (+9).
   rF:        It protects you from fire.
 G - a +6 ring of dexterity (right hand)
 K - a ring of willpower
Wands
 g - a wand of mindburst (7)
 C - a wand of polymorph (1) (quivered)
 E - a wand of digging (2)
Scrolls
 c - 3 scrolls of brand weapon
 k - 2 scrolls of magic mapping
 p - a scroll of fear
 s - a scroll of teleportation
 t - 3 scrolls of fog
 D - 2 scrolls of blinking
 I - a scroll of silence
 J - 2 scrolls of identify
 O - a scroll of poison
Potions
 a - 2 potions of ambrosia {unknown}
 f - 6 potions of flight
 h - 3 potions of mutation {unknown}
 i - 3 potions of haste
 o - a potion of curing
 r - 2 potions of brilliance {unknown}
 u - 3 potions of attraction {unknown}
 v - 2 potions of cancellation {unknown}
 w - 3 potions of berserk rage
 z - 4 potions of magic
 A - 6 potions of lignification


   Skills:
 + Level 12.6 Fighting
 + Level 13.9(15.9) Axes
 + Level 12.7(15.2) Maces & Flails
 + Level 2.3 Throwing
 + Level 11.8 Armour
 + Level 8.9 Dodging
 + Level 4.2 Stealth
 + Level 6.4 Shields
 + Level 2.0 Evocations


You had 12 spell levels left.
You didn't know any spells.
Your spell library was empty.

Dungeon Overview and Level Annotations

Branches:
Dungeon (15/15)            Temple (0/1) D:5            Lair (0/5) D:11
    Orc (0/2) D:9          Vaults (0/5) D:14        Ossuary (visited)
 Depths: D:15

Altars:
Cheibriados
Elyvilon
Hepliaklqana
Vehumet
Zin

Shops:
D:3 (   D:7 **(   D:9 [   D:13 =

Annotations:
D:11 exclusion: oklob plant
D:14 1 runed translucent door, exclusion: orange crystal statue


Innate Abilities, Weirdness & Mutations

You have a pair of horns on your head.
You reflexively headbutt those who attack you in melee.


Message History

The brown ugly thing punches you but does no damage.
The green ugly thing gores you but does no damage.
The brown ugly thing trunk-slaps you. The acid corrodes you!
You are splashed with acid!
The purple ugly thing headbutts you.
You block the green ugly thing's attack.
You feel better.
You block the brown ugly thing's attack.
The purple ugly thing barely misses you.
The green ugly thing gores you but does no damage.
The brown ugly thing trunk-slaps you!
You are splashed with acid!
The brown ugly thing closely misses you.
The brown ugly thing punches you but does no damage.
The purple ugly thing headbutts you but does no damage.
You feel better. The green ugly thing misses you.
The brown ugly thing trunk-slaps you!
You are splashed with acid.
The brown ugly thing closely misses you.
The brown ugly thing punches you.
You are splashed with acid!
The purple ugly thing basks in the mutagenic energy from its kin and changes!
The green ugly thing basks in the mutagenic energy from its kin and changes!
The brown ugly thing trunk-slaps you!
* * * LOW HITPOINT WARNING * * *
The acid corrodes you!
You are splashed with acid!
* * * LOW HITPOINT WARNING * * *
You feel better.
The brown ugly thing basks in the mutagenic energy from its kin and changes!
The brown ugly thing punches you but does no damage.
The brown ugly thing trunk-slaps you!
* * * LOW HITPOINT WARNING * * *
You are splashed with acid!
* * * LOW HITPOINT WARNING * * *
The brown ugly thing barely misses you.
You block the brown ugly thing's attack.
The brown ugly thing looks more healthy.
You block the brown ugly thing's attack.
The brown ugly thing trunk-slaps you.
* * * LOW HITPOINT WARNING * * *
You are splashed with acid!
* * * LOW HITPOINT WARNING * * *
The brown ugly thing gores you!
You die...

#.........#
#.........#
#.........#
#.........#
#.........#
#.........#
#...u......
#(u@u......
......uuu......
.......u.......
...)...........
...............
...............
...............
...............


You could see 7 ugly things.

Vanquished Creatures
  4 vault guards (D:14)
  Harold (D:11)
  2 hydras
  Erolcha (D:10)
  5 two-headed ogres
  4 boulder beetles
  3 centaur warriors
  Erica (D:10)
  A deep elf knight (D:14)
  An orc knight (D:14)
  A wizard (D:14)
  3 deep elf pyromancers
  An orc sorcerer (D:14)
  5 ugly things
  2 cyclopes
  6 manticores
  Joseph (D:8)
  Psyche (D:8)
  2 komodo dragons
  Maggie (D:6)
  A yaktaur (D:14)
  A freezing wraith (D:15)
  A kobold demonologist (D:14)
  7 trolls
  Prince Ribbit (D:6)
  10 slime creatures
  2 wyverns
  2 wraiths
  A centaur simulacrum (D:10)
  2 shadows
  13 yaks
  2 steam dragons
  2 basilisks
  Menkaure (D:6)
  8 vampire mosquitoes
  An acid dragon (D:12)
  3 water moccasins
  Duvessa (D:4)
  2 ice beasts
  4 orc warriors
  2 sky beasts
  4 black bears
  2 ogres (D:5)
  3 centaurs
  2 phantoms
  2 kobold brigands
  3 elf zombies (Ossuary)
  6 bullfrogs
  A gnoll sergeant (D:6)
  2 necrophages
  A scorpion (D:4)
  5 wights (D:10)
  Dowan (D:4)
  5 killer bees (D:10)
  A howler monkey (D:10)
  A centaur zombie (Ossuary)
  A human zombie (Ossuary)
  5 hounds
  6 orc priests
  2 gnoll boudas
  A jelly (D:8)
  Terence (D:3)
  Natasha (thrice) (D:3)
  3 iguanas
  3 orc wizards
  2 mummies (Ossuary)
  7 adders
  31 gnolls
  5 ufetubi
  An adder zombie (Ossuary)
  A worm (D:2)
  4 dart slugs
  25 orcs
  4 bats
  5 endoplasms
  3 giant cockroaches
  11 goblins
  8 hobgoblins
  8 jackals
  18 kobolds
  4 quokkas
  6 ball pythons
  6 frilled lizards
  2 goblin zombies (Ossuary)
  12 hobgoblin zombies (Ossuary)
  A jackal zombie (Ossuary)
  8 kobold zombies (Ossuary)
  8 orc zombies (Ossuary)
  2 rats
359 creatures vanquished.

Vanquished Creatures (collateral kills)
  Amaemon (D:8)
  An orange demon (D:8)
  A troll (D:14)
  Sigmund (D:6)
4 creatures vanquished.

Vanquished Creatures (others)
  6 plants (D:10)
6 creatures vanquished.

Grand Total: 369 creatures vanquished

Notes
Turn   | Place    | Note
-------+----------+-------------------------------------------
     0 | D:1      | mampy3000 the Minotaur Berserker began the quest for the
                  | Orb.
     0 | D:1      | Reached XP level 1. HP: 19/19 MP: 0/0
   209 | D:1      | Reached skill level 4 in Axes
   226 | D:1      | Reached XP level 2. HP: 27/27 MP: 1/1
   922 | D:2      | Reached XP level 3. HP: 21/33 MP: 2/2
  1064 | D:2      | Identified the +2 ring mail of the King of the Hill {-Cast
                  | rF+ Regen+}
  1068 | D:2      | Reached ** piety under Trog
  1488 | D:3      | Reached XP level 4. HP: 41/41 MP: 3/3
  1500 | D:3      | Noticed Terence
  1510 | D:3      | Killed Terence
  1541 | D:3      | Found Ipnaklu's Antique Weapon Shoppe.
  1560 | D:3      | Reached skill level 5 in Axes
  1673 | D:3      | Noticed Natasha
  1676 | D:3      | Killed Natasha
  1677 | D:3      | Reached skill level 5 in Fighting
  1731 | D:3      | Reached XP level 5. HP: 44/48 MP: 4/4
  1793 | D:3      | Noticed a phantom
  1805 | D:3      | Killed a phantom
  1969 | D:3      | Noticed Natasha
  1973 | D:3      | Killed Natasha
  1974 | D:3      | Reached skill level 6 in Axes
  1974 | D:3      | Reached XP level 6. HP: 56/56 MP: 5/5
  2064 | D:3      | Noticed Natasha
  2072 | D:3      | Killed Natasha
  2183 | D:4      | Reached *** piety under Trog
  2353 | D:4      | Reached XP level 7. HP: 62/62 MP: 6/6
  2399 | D:4      | Noticed Dowan
  2399 | D:4      | Noticed Duvessa
  2418 | D:4      | Killed Duvessa
  2419 | D:4      | Reached skill level 7 in Axes
  2420 | D:4      | Killed Dowan
  2421 | D:4      | Reached skill level 5 in Armour
  2477 | D:4      | Found a snail-covered altar of Cheibriados.
  2703 | D:5      | Entered Level 5 of the Dungeon
  2789 | D:5      | Reached skill level 8 in Axes
  2789 | D:5      | Reached XP level 8. HP: 70/70 MP: 7/7
  2831 | D:5      | Noticed a two-headed ogre
  2844 | D:5      | Killed a two-headed ogre
  2845 | D:5      | Reached skill level 9 in Axes
  2845 | D:5      | Reached skill level 1 in Stealth
  2933 | D:5      | Found a staircase to the Ecumenical Temple.
  2989 | D:5      | Reached skill level 5 in Dodging
  3178 | D:5      | Reached skill level 10 in Axes
  3178 | D:5      | Reached XP level 9. HP: 78/79 MP: 8/8
  3301 | D:5      | Reached **** piety under Trog
  3631 | D:6      | Noticed Maggie
  3669 | D:6      | Killed Maggie
  3740 | D:6      | Found a sand-covered staircase.
  3750 | D:6      | Reached skill level 11 in Axes
  3763 | Ossuary  | Entered an ossuary
  3916 | Ossuary  | Reached ***** piety under Trog
  4063 | D:6      | Noticed Menkaure
  4076 | D:6      | Killed Menkaure
  4089 | D:6      | Noticed Sigmund
  4123 | D:6      | Killed Sigmund
  4124 | D:6      | Reached skill level 12 in Axes
  4316 | D:6      | Noticed Prince Ribbit
  4345 | D:6      | Killed Prince Ribbit
  4380 | D:6      | Reached XP level 10. HP: 84/90 MP: 9/9
  4557 | D:7      | Found Nad Zefegg's Antique Weapon Boutique.
  4628 | D:7      | Found Aronanel's CLEARANCE SALE!.
  4824 | D:7      | Found Udghuthro's Assorted Antiques.
  4846 | D:7      | Bought a scroll labelled REAWYO BIUPEVU for 28 gold pieces
  5477 | D:8      | Noticed a two-headed ogre
  5493 | D:8      | Killed a two-headed ogre
  5494 | D:8      | Reached skill level 13 in Axes
  5646 | D:8      | Found a white marble altar of Elyvilon.
  5672 | D:8      | Noticed Joseph
  5711 | D:8      | Killed Joseph
  5725 | D:8      | Noticed an orange demon
  5726 | D:8      | Noticed Amaemon
  5735 | D:8      | Killed an orange demon
  5741 | D:8      | Killed Amaemon
  5964 | D:8      | Reached skill level 1 in Maces & Flails
  6066 | D:8      | Noticed Psyche
  6077 | D:8      | Killed Psyche
  6224 | D:9      | Noticed a boulder beetle
  6240 | D:9      | Killed a boulder beetle
  6241 | D:9      | Reached XP level 11. HP: 97/97 MP: 10/10
  6333 | D:9      | Found a hazy altar of Hepliaklqana.
  6415 | D:9      | Noticed a two-headed ogre
  6422 | D:9      | Killed a two-headed ogre
  6528 | D:9      | Found Bylow's Armour Shoppe.
  6529 | D:9      | Found a staircase to the Orcish Mines.
  7271 | D:10     | Entered Level 10 of the Dungeon
  7271 | D:10     | Noticed Erolcha
  7295 | D:10     | Killed Erolcha
  7296 | D:10     | Reached skill level 5 in Maces & Flails
  7306 | D:10     | Reached skill level 10 in Fighting
  7439 | D:10     | Noticed Erica
  7453 | D:10     | Killed Erica
  7619 | D:10     | Reached skill level 1 in Shields
  7698 | D:10     | Found a glowing silver altar of Zin.
  7699 | D:10     | Found a radiant altar of Vehumet.
  7740 | D:10     | Noticed a two-headed ogre
  7749 | D:10     | Killed a two-headed ogre
  8079 | D:10     | Noticed an eight-headed hydra
  8087 | D:10     | Killed an eight-headed hydra
  8259 | D:10     | Noticed a deep elf pyromancer
  8268 | D:10     | Killed a deep elf pyromancer
  8269 | D:10     | Reached skill level 10 in Armour
  8398 | D:10     | Reached XP level 12. HP: 107/107 MP: 11/11
  9100 | D:11     | Noticed Harold
  9113 | D:11     | Killed Harold
  9114 | D:11     | Reached skill level 10 in Maces & Flails
  9163 | D:11     | Noticed a boulder beetle
  9178 | D:11     | Killed a boulder beetle
  9240 | D:11     | Found a staircase to the Lair.
  9853 | D:12     | Noticed a boulder beetle
  9872 | D:12     | Killed a boulder beetle
 10044 | D:12     | Identified the +12 chain mail of the Barnacle {rF+ Str+5}
 10173 | D:12     | Identified a scroll of acquirement
 10173 | D:12     | Acquired the ring "Fonwuud" {rF+ Str+9}
 10816 | D:13     | Found Xostruatu's Jewellery Shoppe.
 10816 | D:13     | Noticed a centaur warrior
 11022 | D:13     | Killed a centaur warrior
 11022 | D:13     | Received a gift from Trog
 11405 | D:14     | Noticed a vault guard
 11465 | D:14     | Noticed a vault guard
 11551 | D:14     | Noticed a vault guard
 11574 | D:14     | Reached skill level 5 in Shields
 11579 | D:14     | Reached XP level 13. HP: 118/118 MP: 12/12
 11590 | D:14     | Reached skill level 1 in Throwing
 11601 | D:14     | Reached skill level 1 in Evocations
 11783 | D:14     | Found a gate to the Vaults.
 12055 | D:14     | Found a runed translucent door.
 12123 | D:14     | Found a runed translucent door.
 12133 | D:14     | Found a runed translucent door.
 12153 | D:14     | Found a runed translucent door.
 13064 | D:15     | Entered Level 15 of the Dungeon
 13105 | D:15     | HP: 1/119 [acid (9)]
 13105 | D:15     | Mangled by a brown ugly thing

Illustrated notes

Levels and vault maps discovered:
D:1:      psy_arrival_whirlpool, layout_loops_corners
D:2:      layout_basic
D:3:      minmay_thinvault, layout_basic, serial_shops, nicolae_shop_stone,
          chequers_decorated_corner, uniq_natasha, uniq_terence
D:4:      layout_rooms, kennysheep_slug_shrine, uniq_duvessa
D:5:      layout_basic, temple_pool_b
D:6:      layout_basic, lightli_ossuary_entry_decrepit_ruins, uniq_maggie,
          uniq_sigmund, uniq_prince_ribbit1, uniq_menkaure
D:7:      layout_basic, serial_shops, nicolae_shop_advertising_works
          [nicolae_subvault_shop_adworks], nicolae_take_the_stairs,
          minmay_misc_feat_alley, nicolae_shop_clearance
D:8:      layout_gridville, elyvilon_altar_5, minmay_liquid_box, uniq_psyche,
          uniq_joseph, uniq_amaemon
D:9:      layout_layer_cave, mainiacjoe_overflow_six_doors_small, orc_david_3,
          fountainhead
D:10:     layout_stronghold, chequers_temple_overflow_statue_of_worship,
          minmay_shattered_shrine, uniq_erica, uniq_erolcha
D:11:     layout_stronghold, dpeg_oklobed_lair, uniq_harold
D:12:     layout_rooms
D:13:     layout_stronghold, serial_shops, kennysheep_little_box
D:14:     layout_basic, grunt_vaults_entry_fortified, minmay_misc_feat_chi,
          minmay_statue_crystal_thing
D:15:     gammafunk_depths_entry_grave, layout_long_grid, minmay_crystal_water,
          uniq_jorgrun

Skill      XL: |  1  2  3  4  5  6  7  8  9 10 11 12 13 |
---------------+----------------------------------------+-----
Axes           | 4 5 6 8 10 12 13 | 13.9
Fighting       | 4 5 6 7 8 9 10 12 | 12.6
Armour         | 3 4 5 6 7 8 10 11 | 11.8
Dodging        | 3 4 5 6 7 8 |  8.9
Stealth        | 1 2 3 4 |  4.2
Maces & Flails | 2 9 12 | 12.7
Shields        | 2 5 6 |  6.4
Throwing       | 2 |  2.3
Evocations     | 2 |  2.0

Action                   |  1- 3 |  4- 6 |  7- 9 | 10-12 | 13-15 || total
-------------------------+-------+-------+-------+-------+-------++-------
Melee: Hand axe          |    84 |   107 |   291 |   123 |       ||   605
       Headbutt          |    15 |    17 |    56 |   139 |    31 ||   258
       Punch             |     1 |     1 |     4 |       |       ||     6
       Demon whip        |       |       |       |   394 |   122 ||   516
Throw: Throwing net      |       |       |       |     1 |       ||     1
       Boomerang         |       |       |       |    18 |       ||    18
Invok: Berserk           |       |     7 |     8 |    31 |     9 ||    55
       Trog's Hand       |       |       |     2 |     1 |       ||     3
       Brothers in Arms  |       |       |     1 |     1 |     2 ||     4
Evoke: Wand              |       |       |       |    13 |       ||    13
  Use: Scroll            |     4 |     6 |     2 |    10 |     4 ||    26
       Potion            |       |       |       |     2 |    10 ||    12
 Stab: Distracted        |       |       |       |     1 |     1 ||     2
       Sleeping          |       |       |       |     4 |       ||     4
Armor: Animal skin       |     9 |       |       |       |       ||     9
       Ring mail         |    13 |    66 |    90 |   118 |       ||   287
       Chain mail        |       |       |       |     3 |     2 ||     5
       Plate armour      |       |       |       |       |    55 ||    55
Dodge: Dodged            |    49 |   100 |   239 |   263 |    50 ||   701
Block: Buckler           |       |       |       |    23 |       ||    23
       Kite shield       |       |       |       |    89 |    55 ||   144

Table legend: (Time is in decaauts)
 A = Elapsed time spent in this place.
 B = Non-inter-level travel time spent in this place.
 C = Inter-level travel time spent in this place.
 D = Time resting spent in this place.
 E = Time spent auto-exploring this place.
 F = Levels seen in this place.
 G = Mean time per level.
                   A        B        C        D        E       F      G
               +--------+--------+--------+--------+--------+-----+--------+
         Total |  13332 |  12555 |    777 |      0 |   8830 |  16 |  833.2 |
       Dungeon |  13116 |  12339 |    777 |      0 |   8743 |  15 |  874.4 |
       Ossuary |    215 |    215 |      0 |      0 |     87 |   1 |  215.0 |
               +--------+--------+--------+--------+--------+-----+--------+

Top non-repeatable levels by time:
    D:14: 1871 daAuts
    D:10: 1343 daAuts
    D:11: 1162 daAuts
    D:13: 1102 daAuts
     D:9: 1075 daAuts
     D:1: 898 daAuts
     D:8: 850 daAuts
     D:6: 846 daAuts
     D:7: 806 daAuts
     D:3: 792 daAuts
     D:5: 786 daAuts
     D:4: 580 daAuts
     D:2: 507 daAuts
    D:12: 463 daAuts
 Ossuary: 215 daAuts
